[Event "Team 45 45 League T41"]
[Site "Internet Chess Club"]
[Date "2009.05.03"]
[Round "1"]
[White "Despair"]
[Black "upsan"]
[Result "1/2-1/2"]
[WhiteElo "1967"]
[BlackElo "1795"]
[Opening "Nimzovich-Larsen attack: modern variation"]
[ECO "A01"]
[Time "09:02:17"]
[TimeControl "2700+45"]

1. b3 e5 2. Bb2 d6 3. g3 Nc6 4. Bg2 g6 5. d3 Bg7 6. Nf3 Be6 7. O-O Qd7 8. Nbd2
Nge7 9. Ng5 O-O 10. Nde4 h6 11. Nxe6 Qxe6 12. Nc3 Qd7 13. Nd5 Nxd5 14. Bxd5 Rab8
15. c4 Ne7 16. Bg2 f5 17. f4 Nc6 18. Qd2 exf4 19. Bxg7 Kxg7 20. Qxf4 Rbe8 21. e3
Nd8 22. Qd4+ Kh7 23. Qxa7 b6 24. Rfd1 Rxe3 25. d4 Qe7 26. Rf1 Re2 27. Bf3 Qe3+
28. Kh1 Rf2 29. Rxf2 Qxf2 30. Qxc7+ Rf7 {Game drawn by mutual agreement} 1/2-1/2

[Event "Team 45 45 League T41"]
[Site "Internet Chess Club"]
[Date "2009.04.30"]
[Round "1"]
[White "qs16"]
[Black "BigH"]
[Result "1-0"]
[WhiteElo "1753"]
[BlackElo "1755"]
[Opening "Queen's pawn game"]
[ECO "D00"]
[Time "08:10:38"]
[TimeControl "2700+45"]

1. d4 d5 2. Nd2 Nf6 3. e3 e6 4. Bd3 Be7 5. f4 c5 6. c3 Nc6 7. Ngf3 a6 8. O-O O-O
9. Ne5 Nd7 10. Rf3 f5 11. Rh3 Nf6 12. Ndf3 Nxe5 13. Nxe5 Bd6 14. Qf3 Qe8 15. Bd2
Bxe5 16. fxe5 Ne4 17. Bxe4 fxe4 18. Qe2 cxd4 19. exd4 Bd7 20. Rg3 Rf5 21. Bh6 g6
22. Bg5 Bb5 23. Qe3 Qf7 24. Bf6 Rf8 25. Rc1 Bd3 26. h4 b5 27. Rg5 Rxg5 28. hxg5
Rc8 29. Qh3 b4 30. Kh2 bxc3 31. Rxc3 Rxc3 32. bxc3 Qc7 33. Qxe6+ Qf7 34. Qd6 Bc4
35. e6 Qf8 36. e7 {Black resigns} 1-0

[Event "Team 45 45 League T41"]
[Site "Internet Chess Club"]
[Date "2009.05.04"]
[Round "1"]
[White "quotha"]
[Black "rom1"]
[Result "0-1"]
[WhiteElo "1662"]
[BlackElo "1630"]
[Opening "Grünfeld: 5.e3"]
[ECO "D94"]
[Time "14:01:19"]
[TimeControl "2700+45"]

1. d4 Nf6 2. c4 g6 3. Nf3 Bg7 4. e3 d5 5. Nc3 O-O 6. b3 c5 7. Rb1 Nc6 8. dxc5
Qa5 9. Bd2 Qxc5 10. cxd5 Nxd5 11. Nxd5 Qxd5 12. Bc4 Qd6 13. Qe2 Bg4 14. Rd1 Ne5
15. Bc3 Nxf3+ 16. gxf3 Bxc3+ 17. Kf1 Qc6 18. Bd5 Bh3+ 19. Kg1 Qf6 20. f4 e5 21.
Qf3 Qf5 22. e4 Qg4+ 23. Qxg4 Bxg4 24. Rd3 Rac8 25. h3 Be6 26. Kg2 exf4 27. Bxb7
Rc7 28. Kf3 Be5 29. Bd5 Rd8 30. Rhd1 Rc3 31. Rxc3 Bxc3 32. Rc1 Be5 33. Bxe6 fxe6
34. Rc2 Kf7 35. Kg4 Kf6 36. h4 Rd3 {White resigns} 0-1

[Event "Team 45 45 League T41"]
[Site "Internet Chess Club"]
[Date "2009.05.03"]
[Round "1"]
[White "oldsj"]
[Black "pelayo"]
[Result "1-0"]
[WhiteElo "1595"]
[BlackElo "1557"]
[Opening "Ruy Lopez: closed, 7...O-O"]
[ECO "C88"]
[Time "12:00:14"]
[TimeControl "2700+45"]

1. e4 e5 2. Nf3 Nc6 3. Bb5 a6 4. Ba4 Nf6 5. O-O Be7 6. Re1 b5 7. Bb3 O-O 8. h3
Bb7 9. d3 h6 10. c3 d5 11. exd5 Nxd5 12. Nxe5 Nxe5 13. Rxe5 Bf6 14. Re1 Qd6 15.
Nd2 Nf4 16. Ne4 Bxe4 17. Bxf4 Qxf4 18. Rxe4 Qd6 19. Qf3 Rfe8 20. Rae1 Re5 21.
Rxe5 Bxe5 22. Qxa8+ {Black resigns} 1-0

[Event "Team 45 45 League T41"]
[Site "Internet Chess Club"]
[Date "2009.05.05"]
[Round "1"]
[White "Frodo"]
[Black "cityprosecutor"]
[Result "0-1"]
[WhiteElo "1796"]
[BlackElo "1860"]
[Opening "Sicilian, Chekhover variation"]
[ECO "B53"]
[Time "13:01:18"]
[TimeControl "2700+45"]

1. e4 c5 2. Nf3 d6 3. d4 cxd4 4. Qxd4 Nc6 5. Bb5 Bd7 6. Bxc6 Bxc6 7. Nc3 Nf6 8.
Bg5 e6 9. O-O-O Be7 10. Rhe1 O-O 11. Kb1 Qc7 12. Qd2 b5 13. Bxf6 Bxf6 14. Qxd6
Qb7 15. e5 Be7 16. Qd4 b4 17. Ne4 Rad8 18. Nd6 Qa6 19. Qxb4 f6 20. Qc4 Qxc4 21.
Nxc4 Bd5 22. exf6 Bxf6 23. Ncd2 Rb8 24. b3 Bc3 25. Re3 Ba5 26. Kb2 Bb6 27. Re2
Rf4 28. c4 Bb7 29. Rxe6 Bxf2 30. Rf1 Bb6 31. Rfe1 Rbf8 32. Re7 Bc6 33. R1e2 h6
34. Ne5 Bd4+ 35. Kc2 Be8 36. Nef3 Bg6+ 37. Kd1 Bc5 38. Rb7 Rd8 39. b4 Bf8 40.
Ke1 Bd3 41. Re3 Bxc4 42. Nxc4 Rxc4 43. a3 Rc2 44. Rxa7 Ra2 45. Re2 Bxb4+ 46. Kf2
Bc5+ {White resigns} 0-1

[Event "Team 45 45 League T41"]
[Site "Internet Chess Club"]
[Date "2009.05.03"]
[Round "1"]
[White "kabindra"]
[Black "nas3"]
[Result "1-0"]
[WhiteElo "1816"]
[BlackElo "1778"]
[Opening "Sicilian: Najdorf variation"]
[ECO "B98"]
[Time "13:00:11"]
[TimeControl "2700+45"]

1. e4 c5 2. Nf3 d6 3. d4 cxd4 4. Nxd4 Nf6 5. Nc3 a6 6. Bg5 e6 7. f4 Be7 8. Qf3
Qc7 9. g4 Nbd7 10. Bg2 Rb8 11. Bxf6 Bxf6 12. O-O-O b5 13. g5 Be7 14. Rhe1 Bb7
15. h4 b4 16. Nce2 Rc8 17. Bh3 Nc5 18. Ng3 O-O 19. Qg2 a5 20. f5 e5 21. f6 exd4
22. fxe7 Qxe7 23. Bxc8 Rxc8 24. Kb1 Qe5 25. Qf3 a4 26. Qf5 Qxg3 27. Rf1 Rc7 28.
Rxd4 b3 29. axb3 a3 30. e5 d5 31. h5 axb2 32. g6 hxg6 33. hxg6 Qxg6 34. Qf2 Nxb3
35. Rh4 Kf8 36. Rg1 Qa6 37. Rh8+ Ke7 38. Qh4+ Kd7 39. Qd8+ Kc6 40. Qd6+ Kb5 41.
Qxa6+ Kxa6 42. cxb3 g6 43. Kxb2 d4 44. Rd8 Re7 45. Re1 f5 46. Rxd4 g5 47. e6 Bc8
48. Rd5 {Black resigns} 1-0

[Event "Team 45 45 League T41"]
[Site "Internet Chess Club"]
[Date "2009.05.03"]
[Round "1"]
[White "spunni"]
[Black "Zebbile"]
[Result "1-0"]
[WhiteElo "1854"]
[BlackElo "1914"]
[Opening "Alekhine's defense: Scandinavian variation"]
[ECO "B02"]
[Time "16:00:08"]
[TimeControl "2700+45"]

1. e4 Nf6 2. Nc3 d5 3. exd5 Nxd5 4. Bc4 e6 5. Qf3 Nb4 6. Bb3 N8c6 7. Nge2 Na5 8.
Ba4+ Bd7 9. a3 Nd5 10. Bxd7+ Qxd7 11. O-O Be7 12. Nxd5 Qxd5 13. Qxd5 exd5 14.
Re1 O-O-O 15. d3 Bf6 16. Bd2 Nc6 17. Bc3 Bxc3 18. Nxc3 Nd4 19. Rac1 Rhe8 20. Re3
c6 21. Kf1 Kd7 22. Ke1 Nf5 23. Rxe8 Rxe8+ 24. Kd2 Nh4 25. Ne2 g6 26. Rg1 Kd6 27.
Nd4 Re5 28. g3 Nf5 29. Nxf5+ Rxf5 30. f4 g5 31. Ke3 gxf4+ 32. gxf4 Rh5 33. Rg2
Ke6 34. Kf3 Rh6 35. Re2+ Kd7 36. f5 d4 37. Kf4 f6 38. Kg4 c5 39. h4 a6 40. Re4
b6 41. b4 Kc6 42. a4 cxb4 43. Rxd4 a5 44. Re4 Kd6 45. Re6+ Kc7 46. d4 Kb7 47. d5
b5 48. axb5 a4 49. Ra6 a3 50. d6 Kc8 51. b6 {Black resigns} 1-0

[Event "Team 45 45 League T41"]
[Site "Internet Chess Club"]
[Date "2009.05.02"]
[Round "1"]
[White "xt"]
[Black "Bill-W"]
[Result "0-1"]
[WhiteElo "1551"]
[BlackElo "1827"]
[Opening "Sicilian: accelerated fianchetto, modern variation with Bc4"]
[ECO "B35"]
[Time "13:01:30"]
[TimeControl "2700+45"]

1. e4 c5 2. Nf3 g6 3. d4 cxd4 4. Nxd4 Nc6 5. Nc3 Bg7 6. Be3 Nf6 7. Bc4 O-O 8.
Qd2 Nxe4 9. Nxe4 d5 10. Bxd5 Qxd5 11. Nc3 Qxg2 12. O-O-O Nxd4 13. Bxd4 Rd8 14.
Ne2 Bg4 15. c3 e5 16. Rdg1 Qh3 17. Rg3 Qh5 {White resigns} 0-1

[Event "Team 45 45 League T41"]
[Site "Internet Chess Club"]
[Date "2009.05.03"]
[Round "1"]
[White "jacknor"]
[Black "Warpdrive"]
[Result "0-1"]
[WhiteElo "1604"]
[BlackElo "1726"]
[Opening "Alekhine's defense: exchange variation"]
[ECO "B03"]
[Time "19:00:36"]
[TimeControl "2700+45"]

1. e4 Nf6 2. e5 Nd5 3. d4 d6 4. c4 Nb6 5. exd6 exd6 6. Nf3 Bg4 7. h3 Bh5 8. Bd3
Be7 9. Be3 Bf6 10. Nbd2 Nc6 11. Qb3 Rb8 12. O-O O-O 13. a3 Kh8 14. Qc2 Bg6 15.
Rae1 Qd7 16. Ne4 Bxe4 17. Bxe4 g6 18. Bh6 Bg7 19. Bxg7+ Kxg7 20. Bd3 Rbe8 21. b3
f6 22. Qc3 d5 23. c5 Nc8 24. Bb5 a6 25. Bxc6 Qxc6 26. Re3 Rxe3 27. Qxe3 Re8 28.
Qc3 Re6 29. Re1 Qe8 30. Rxe6 Qxe6 31. Qe3 Qxe3 32. fxe3 c6 33. Nd2 Kf7 34. e4
Ke6 35. Kf2 h6 36. Ke3 dxe4 37. Nxe4 f5 38. Nc3 Ne7 39. a4 Nd5+ 40. Nxd5 Kxd5
41. g3 g5 42. h4 f4+ 43. gxf4 gxf4+ 44. Kxf4 Kxd4 45. h5 Kxc5 46. Kf5 Kb4 47.
Kg6 Kxb3 48. Kxh6 c5 49. Kg6 c4 50. h6 c3 51. h7 c2 52. h8=Q c1=Q 53. Qh3+ Qc3
54. Qe6+ Kxa4 55. Qe4+ Qb4 56. Qc2+ Ka5 57. Qa2+ Kb6 58. Qf2+ Qc5 59. Qb2+ Ka7
60. Kf7 Qc7+ 61. Ke8 Qc6+ 62. Ke7 a5 63. Kf7 b5 64. Qf2+ Ka6 65. Qb2 a4 66. Ke7
Qc5+ 67. Kd7 a3 68. Qf6+ Qb6 69. Qf1 Qd4+ 70. Ke8 a2 71. Qf6+ {White resigns}
0-1

[Event "Team 45 45 League T41"]
[Site "Internet Chess Club"]
[Date "2009.05.02"]
[Round "1"]
[White "imgr8"]
[Black "Campagnolo"]
[Result "1-0"]
[WhiteElo "1992"]
[BlackElo "2056"]
[Opening "Vienna gambit: Breyer variation"]
[ECO "C29"]
[Time "20:05:03"]
[TimeControl "2700+45"]

1. e4 e5 2. Nc3 Nf6 3. f4 d5 4. fxe5 Nxe4 5. Nf3 Be7 6. Qe2 Ng5 7. d4 c6 8. Be3
Bg4 9. O-O-O Ne4 10. Nb1 Qa5 11. a3 Na6 12. Bd2 Qb6 13. Nc3 Nxc3 14. Bxc3 Qc7
15. Qe3 b5 16. h3 Bc8 17. Bd3 b4 18. axb4 Nxb4 19. Bxb4 Bxb4 20. c3 Be7 21. Rhf1
h6 22. g4 Be6 23. Bf5 O-O-O 24. Qd3 Bd7 25. Bxd7+ Qxd7 26. e6 Qxe6 27. Qa6+ Kb8
28. Ne5 Rc8 29. Rxf7 Rhf8 30. Rdf1 Rxf7 31. Rxf7 Rc7 32. Kb1 g5 33. Rg7 Qd6 34.
Rg8+ Bd8 35. Rxd8+ Qxd8 36. Nxc6+ Rxc6 37. Qxc6 Qf8 38. Qxd5 Qf1+ 39. Ka2 Qxh3
40. Qd6+ Kb7 41. Qd7+ Kb6 42. c4 a5 43. Qb5+ Kc7 44. Qxa5+ Kd7 45. Qf5+ Kc7 46.
c5 Qh1 47. d5 Qd1 48. Qf7+ Kd8 49. Qf6+ Kc8 50. Qc6+ Kd8 51. d6 Qe2 52. Qc7+ Ke8
53. d7+ {Black resigns} 1-0

[Event "Team 45 45 League T41"]
[Site "Internet Chess Club"]
[Date "2009.04.30"]
[Round "1"]
[White "nosalt"]
[Black "snottgoblin"]
[Result "1/2-1/2"]
[WhiteElo "2036"]
[BlackElo "2005"]
[Opening "Sicilian: Najdorf, 6.Bg5"]
[ECO "B94"]
[Time "21:01:09"]
[TimeControl "2700+45"]

1. e4 c5 2. Nf3 d6 3. d4 cxd4 4. Nxd4 Nf6 5. Nc3 a6 6. Bg5 e5 7. Nb3 Be6 8. f4
Nbd7 9. f5 Bxb3 10. axb3 Qb6 11. Qf3 Be7 12. Bc4 Rc8 13. Be3 Qc6 14. O-O Nb6 15.
Bd3 d5 16. exd5 Nbxd5 17. Nxd5 Qxd5 18. Qxd5 Nxd5 19. Bd2 O-O 20. Rfe1 Bc5+ 21.
Kf1 Nf4 22. Be4 Rc7 23. g3 Nh3 24. Bg2 Nf2 25. Bc3 Ng4 26. Be4 Nxh2+ 27. Kg2 Ng4
28. Kf3 Nf2 29. Bxe5 Re7 30. Bc3 Rfe8 31. Bxb7 Re3+ 32. Rxe3 Rxe3+ 33. Kf4 h5
34. Bg2 Ng4 35. Rxa6 f6 36. Bd5+ Kh7 37. Re6 Ne5 38. Bxe5 Rxe5 39. Rxe5 Bd6 40.
c3 Bxe5+ 41. Kf3 g5 42. fxg6+ Kxg6 43. b4 Kg5 44. b5 f5 45. b6 Kf6 46. Kg2 f4
47. gxf4 Bxf4 48. b7 Bb8 49. Kf3 Ke5 50. Be4 h4 51. Ke3 h3 52. Kd3 Kd6 53. Kc4
h2 54. Bh1 Kc7 55. Kb5 Ba7 56. b4 Be3 57. Ka6 Kb8 58. c4 Bd2 59. Kb5 Bc3 60. c5
Kc7 61. Ka6 Kb8 62. b5 Bb4 63. Kb6 Bc3 64. Kc6 Be5 65. Kd5 Bg3 66. Bg2 Kxb7 67.
Ke6+ Kc8 68. Kd5 Kb7 69. b6 Bf4 70. Kc4+ Ka6 71. Kb4 Bg3 72. Bc6 Be1+ 73. Kc4
Bf2 74. Bh1 Be1 75. Kd5 Kb5 76. Be4 Bg3 77. Bg2 Bb8 {Game drawn by mutual
agreement} 1/2-1/2

[Event "Team 45 45 League T41"]
[Site "Internet Chess Club"]
[Date "2009.05.02"]
[Round "1"]
[White "Nosferatu1"]
[Black "ivanson"]
[Result "1/2-1/2"]
[WhiteElo "1898"]
[BlackElo "1845"]
[Opening "King's Indian: Larsen variation"]
[ECO "E90"]
[Time "17:04:01"]
[TimeControl "2700+45"]

1. d4 Nf6 2. c4 g6 3. Nc3 Bg7 4. e4 d6 5. Nf3 O-O 6. Be3 Ng4 7. Bg5 h6 8. Bh4
Na6 9. h3 Nf6 10. Be2 Qe8 11. O-O e5 12. d5 g5 13. Bg3 Nc5 14. Qc2 a5 15. a3 Nh7
16. b4 axb4 17. axb4 Rxa1 18. Rxa1 Na6 19. Rb1 f5 20. exf5 Bxf5 21. Bd3 Bxd3 22.
Qxd3 Nf6 23. Ne4 Nxe4 24. Qxe4 Qa4 25. Qe1 e4 26. Qxe4 Nxb4 27. c5 dxc5 28. Bxc7
Re8 29. Qc4 b5 30. Qxc5 Na6 31. Qc6 Nxc7 32. Qxc7 Qa6 33. Qc6 Qxc6 34. dxc6 Rc8
35. Rxb5 Rxc6 36. Rb1 Kf7 37. Re1 Kg6 38. Ne5+ Bxe5 39. Rxe5 Kf6 40. Re8 Kf7 41.
Re4 Rc2 42. g3 Rb2 43. Kg2 Kf6 44. Re8 Kf7 45. Re3 Kf6 46. Kf3 Ra2 47. Re2 Ra3+
48. Kg4 Ra4+ 49. Kf3 Ra3+ 50. Re3 Ra2 51. Rb3 Rc2 52. Rb6+ Kg7 53. Rd6 Ra2 54.
Ke3 Ra3+ 55. Rd3 Ra2 56. Rd2 Ra3+ 57. Ke4 Ra4+ 58. Rd4 Ra2 59. f4 gxf4 60. gxf4
Ra3 61. Rd3 Ra4+ 62. Kf5 Ra5+ 63. Kg4 Kg6 64. Rd6+ Kg7 65. Re6 Rb5 66. Re5 Rb4
67. h4 Kf6 68. Rf5+ Kg6 69. h5+ Kg7 70. Rd5 Kf6 71. Rd6+ Kg7 72. Rg6+ Kh7 73.
Re6 Kg7 74. Kf5 Rb5+ 75. Re5 Rb7 76. Re6 Rb5+ 77. Re5 Rb7 78. Rc5 Ra7 79. Ke6
Ra6+ 80. Ke5 Ra7 81. f5 Kf7 82. f6 Rb7 83. Kf5 Ra7 84. Re5 Rb7 85. Rc5 Ra7 86.
Re5 Rb7 87. Re1 Rb5+ 88. Re5 Rb7 89. Re1 Rb5+ 90. Re5 Rb7 {Game drawn by
repetition} 1/2-1/2

[Event "Team 45 45 League T41"]
[Site "Internet Chess Club"]
[Date "2009.05.04"]
[Round "1"]
[White "Budzo"]
[Black "jefferyx"]
[Result "1/2-1/2"]
[WhiteElo "1797"]
[BlackElo "2015"]
[Opening "English: symmetrical, Benoni formation"]
[ECO "A31"]
[Time "18:30:09"]
[TimeControl "2700+45"]

1. d4 Nf6 2. c4 c5 3. Nf3 cxd4 4. Nxd4 Nc6 5. Nc3 g6 6. g3 Bg7 7. Bg2 O-O 8. O-O
Nxd4 9. Qxd4 d6 10. Bg5 h6 11. Bd2 a6 12. Qd3 Nd7 13. b3 Nc5 14. Qc2 Be6 15.
Rad1 Rc8 16. Qc1 b5 17. Nd5 Kh7 18. Bc3 bxc4 19. bxc4 Na4 20. Bxg7 Kxg7 21. Qa1+
Kh7 22. Rc1 Nb6 23. Qd4 Rc5 24. Nxb6 Qxb6 25. Rb1 Qa5 26. Rb7 Rxc4 27. Qa7 Qxa2
28. Rxe7 Qxe2 29. Bd5 Qxf1+ 30. Kxf1 Bxd5 31. Rc7 Rc8 32. Rxc8 Rxc8 33. Qd4 Bc4+
34. Ke1 Re8+ 35. Kd2 d5 36. Kc3 Rb8 37. Qf6 Rb7 38. Kd4 a5 39. Qc6 Re7 40. Qf6
Rb7 41. Qc6 Re7 42. Qf6 Rb7 {Game drawn by repetition} 1/2-1/2

[Event "Team 45 45 League T41"]
[Site "Internet Chess Club"]
[Date "2009.05.03"]
[Round "1"]
[White "Merciful"]
[Black "JamesWu"]
[Result "0-1"]
[WhiteElo "1925"]
[BlackElo "1897"]
[Opening "Sicilian defense"]
[ECO "B30"]
[Time "11:00:23"]
[TimeControl "2700+45"]

1. e4 c5 2. Nf3 Nc6 3. d3 g6 4. g3 Bg7 5. Bg2 e6 6. O-O Nge7 7. Re1 d6 8. c3 e5
9. Nbd2 O-O 10. a4 h6 11. Nc4 Be6 12. Qe2 f5 13. Nfd2 f4 14. gxf4 exf4 15. Kh1
g5 16. Bf3 Qd7 17. Rg1 Ng6 18. Bg4 Bxg4 19. Qxg4 Qxg4 20. Rxg4 Nce5 21. Rg1 Nxd3
22. Nxd6 Nxf2+ 23. Kg2 Nd3 24. Nf5 Rxf5 25. exf5 Nh4+ 26. Kf1 Re8 {White
resigns} 0-1

[Event "Team 45 45 League T41"]
[Site "Internet Chess Club"]
[Date "2009.05.03"]
[Round "1"]
[White "wizardbar"]
[Black "Hubris123"]
[Result "0-1"]
[WhiteElo "1920"]
[BlackElo "2035"]
[Opening "Caro-Kann: Panov-Botvinnik attack"]
[ECO "B13"]
[Time "12:00:07"]
[TimeControl "2700+45"]

1. e4 c6 2. d4 d5 3. exd5 cxd5 4. c4 Nf6 5. Nc3 Nc6 6. Nf3 Bg4 7. Qb3 Bxf3 8.
Qxb7 Nxd4 9. gxf3 Nc2+ 10. Kd1 Nxa1 11. Nb5 dxc4+ 12. Bd2 e6 13. Nc7+ Ke7 14.
Nxa8+ Nd7 15. Bxc4 Qb8 16. Bb4+ Kf6 17. Qxb8 Nxb8 18. Bc3+ Ke7 19. Nc7 Nd7 20.
Kd2 Nb6 21. Bd3 Kd7 22. Nb5 a6 23. Nd4 Bd6 {White disconnected and forfeits} 0-1

[Event "Team 45 45 League T41"]
[Site "Internet Chess Club"]
[Date "2009.05.02"]
[Round "1"]
[White "upsan"]
[Black "ConfusedDog589"]
[Result "0-1"]
[WhiteElo "1787"]
[BlackElo "1944"]
[Opening "French: Tarrasch, Guimard main line"]
[ECO "C04"]
[Time "13:01:41"]
[TimeControl "2700+45"]

1. e4 e6 2. d4 d5 3. Nd2 Nc6 4. Ngf3 Nf6 5. e5 Nd7 6. Nb3 f6 7. Bb5 a5 8. Bf4
Be7 9. O-O O-O 10. c3 fxe5 11. Bxe5 Ndxe5 12. Nxe5 Nxe5 13. dxe5 c6 14. Bd3 Qe8
15. Qc2 g6 16. Nd2 b6 17. c4 Ba6 18. Rac1 Bg5 19. g3 dxc4 20. Nxc4 Bxc4 21. Qxc4
Bxc1 22. Rxc1 Rc8 23. Be4 c5 24. Qc2 Rd8 25. Bd3 Qc6 26. Bxg6 Rd7 27. Be4 Qc7
28. f4 c4 29. Qe2 b5 30. Qg4+ Kh8 31. Qxe6 Qc5+ 32. Kg2 Rd2+ 33. Kh3 Qf2 34. Rh1
Qe2 {White resigns} 0-1

[Event "Team 45 45 League T41"]
[Site "Internet Chess Club"]
[Date "2009.05.03"]
[Round "1"]
[White "KaMi62"]
[Black "cityprosecutor"]
[Result "0-1"]
[WhiteElo "1858"]
[BlackElo "1842"]
[Opening "Queen's pawn game"]
[ECO "A46"]
[Time "16:16:10"]
[TimeControl "2700+45"]

1. d4 Nf6 2. Nf3 c5 3. e3 g6 4. c4 Bg7 5. Nc3 O-O 6. Be2 d6 7. O-O b6 8. b3 Bb7
9. Bb2 e6 10. Qd2 a6 11. dxc5 dxc5 12. Rfd1 Nc6 13. a3 Qc7 14. Qc2 Rfd8 15. Ne4
Nxe4 16. Bxg7 Kxg7 17. Qxe4 Nd4 18. Rxd4 Rxd4 19. Qc2 Rd7 20. Qc3+ Kg8 21. h4 h5
22. Qf6 Bxf3 23. Bxf3 Rad8 24. g4 hxg4 25. Bxg4 Qd6 26. Kg2 Qe7 27. Qf4 Rd2 28.
h5 Qh4 29. hxg6 Rxf2+ 30. Qxf2 Qxg4+ 31. Kh2 Qh5+ 32. Kg2 Qxg6+ 33. Kh2 Qh5+ 34.
Kg2 Qg5+ 35. Kh2 Qe5+ 36. Kg2 Qxa1 37. Qh4 Rd2+ 38. Kf3 Qf1+ 39. Kg4 Rg2+ {White
resigns} 0-1

[Event "Team 45 45 League T41 u"]
[Site "Internet Chess Club"]
[Date "2009.05.02"]
[Round "1"]
[White "Fezzik"]
[Black "HumanTornado"]
[Result "0-1"]
[WhiteElo "2007"]
[BlackElo "1853"]
[Opening "QGD: Cambridge Springs defense, Yugoslav variation"]
[ECO "D52"]
[Time "11:07:02"]
[TimeControl "2700+45"]

1. d4 d5 2. c4 e6 3. Nc3 Nf6 4. Nf3 c6 5. Bg5 Nbd7 6. e3 Qa5 7. cxd5 Nxd5 8. Qd2
Bb4 9. Rc1 h6 10. Bh4 O-O 11. a3 Bxc3 12. bxc3 Qxa3 13. e4 N5f6 14. Bd3 Re8 15.
O-O Qa5 16. Ra1 Qh5 17. e5 Nd5 18. c4 Ne7 19. Qf4 Ng6 20. Bxg6 Qxg6 21. Ra3 c5
22. d5 exd5 23. cxd5 b6 24. Re1 Bb7 25. e6 fxe6 26. Qc7 Bxd5 27. Qxd7 Rf8 28.
Bg3 Rf7 29. Qd6 Qf6 30. Ne5 Rd8 31. Nxf7 Rxd6 32. Nxd6 Qb2 33. Rxa7 Qd2 34. Raa1
c4 35. Rad1 Qb2 36. Be5 Qc2 37. Rc1 Qd2 38. Red1 Qg5 39. Bg3 h5 40. h4 Qg4 41.
Rd2 b5 42. Nxb5 Qe4 43. f3 Qe3+ 44. Bf2 Qxd2 45. Rf1 c3 46. Nxc3 Qxc3 47. Re1
Kf7 48. Kh2 Qd2 49. Kg1 Kf6 50. Rf1 g5 51. hxg5+ Kxg5 52. Re1 Kg6 53. Bg3 Qd4+
54. Bf2 Qb2 55. Rd1 Kg5 56. Rd4 Qe2 57. Bh4+ Kf5 58. Bf2 Bc4 59. Bg3 Qe3+ 60.
Bf2 Qc1+ 61. Kh2 Qc2 62. Kg1 e5 63. Re4 Bd5 64. Rh4 Kg6 65. Rb4 e4 66. Rb6+ Kf5
67. Rd6 Qd1+ 68. Kh2 exf3 69. Bh4 fxg2 70. Rf6+ Ke5 {White resigns} 0-1

[Event "Team 45 45 League T41"]
[Site "Internet Chess Club"]
[Date "2009.05.03"]
[Round "1"]
[White "budugu"]
[Black "Gwyddbwyll"]
[Result "0-1"]
[WhiteElo "1594"]
[BlackElo "1606"]
[Opening "Ruy Lopez: Möller defense"]
[ECO "C78"]
[Time "12:06:58"]
[TimeControl "2700+45"]

1. e4 e5 2. Nf3 Nc6 3. Bb5 a6 4. Ba4 Nf6 5. O-O Bc5 6. c3 b5 7. Bb3 d6 8. d4 Bb6
9. Bg5 h6 10. Bh4 O-O 11. Bd5 Bd7 12. Bxc6 Bxc6 13. dxe5 dxe5 14. Qxd8 Raxd8 15.
Nbd2 g5 16. Bg3 Nxe4 17. Nxe4 Bxe4 18. Nxe5 f5 19. Kh1 f4 20. f3 Rfe8 21. fxe4
Rxe5 22. Bf2 Bxf2 23. Rxf2 Rxe4 24. Raf1 Rde8 25. g3 fxg3 26. hxg3 Re3 27. Kg2
Re2 28. Kh3 c5 29. Kg4 Rxf2 30. Rxf2 Kg7 31. b3 Re6 32. Kf3 Rf6+ 33. Ke3 Rxf2
34. Kxf2 Kf6 35. Kf3 h5 36. Ke4 Ke6 37. a4 bxa4 38. bxa4 h4 {White resigns} 0-1

[Event "Team 45 45 League T41"]
[Site "Internet Chess Club"]
[Date "2009.05.04"]
[Round "1"]
[White "CalyDeArgentina"]
[Black "fileman"]
[Result "0-1"]
[WhiteElo "1798"]
[BlackElo "1923"]
[Opening "Queen's pawn: Lundin (Kevitz-Mikenas) defense"]
[ECO "A40"]
[Time "14:04:35"]
[TimeControl "2700+45"]

1. d4 Nc6 2. Nf3 Nf6 3. c4 d5 4. e3 Bg4 5. Be2 e6 6. O-O Be7 7. Nbd2 O-O 8. a3
a5 9. b3 h6 10. Bb2 dxc4 11. bxc4 Nb8 12. Ne5 Bxe2 13. Qxe2 Nbd7 14. f4 Nxe5 15.
fxe5 Nh7 16. Ne4 f5 17. Nc3 c6 18. Rad1 Qc7 19. e4 fxe4 20. Rxf8+ Rxf8 21. Qxe4
Ng5 22. Qg6 Qb6 23. Qc2 Rd8 24. Na4 Qc7 25. d5 cxd5 26. c5 b5 27. Qg6 bxa4 28.
h4 Bxc5+ 29. Kh2 Qf7 {White resigns} 0-1

[Event "Team 45 45 League T41"]
[Site "Internet Chess Club"]
[Date "2009.05.04"]
[Round "1"]
[White "LoseOften"]
[Black "chipionero"]
[Result "1-0"]
[WhiteElo "1860"]
[BlackElo "1695"]
[Opening "Sicilian: Najdorf variation"]
[ECO "B98"]
[Time "14:00:10"]
[TimeControl "2700+45"]

1. e4 c5 2. Nf3 d6 3. d4 cxd4 4. Nxd4 Nf6 5. Nc3 a6 6. Bg5 e6 7. f4 Be7 8. Qf3
Qc7 9. O-O-O O-O 10. Be2 b5 11. e5 Bb7 12. Qg3 Ne4 13. Nxe4 Bxe4 14. Bxe7 Qxe7
15. exd6 Qxd6 16. Nf5 Qxd1+ 17. Rxd1 Bxf5 18. Qf3 {Black resigns} 1-0

[Event "Team 45 45 League T41"]
[Site "Internet Chess Club"]
[Date "2009.05.05"]
[Round "1"]
[White "calily"]
[Black "Steinwitz"]
[Result "0-1"]
[WhiteElo "1647"]
[BlackElo "1756"]
[Opening "Scandinavian: Marshall variation"]
[ECO "B01"]
[Time "14:04:04"]
[TimeControl "2700+45"]

1. e4 d5 2. exd5 Nf6 3. d4 Nxd5 4. c4 Nb6 5. Nf3 g6 6. Nc3 Bg7 7. Be3 O-O 8. Bd3
Bg4 9. d5 c6 10. h3 Bxf3 11. Qxf3 cxd5 12. Bxb6 Qxb6 13. O-O dxc4 14. Bxc4 e6
15. Rfd1 Nc6 16. Rd7 Ne5 17. Qxb7 Qxb7 18. Rxb7 Nxc4 19. Rc1 Rfc8 20. Ne4 Bxb2
21. Rd1 Ne5 22. f4 Nc4 23. Rdd7 Rf8 24. Ng5 Rad8 25. Rdc7 Bd4+ 26. Kh2 Nd6 27.
Rb4 Bb6 28. Rc6 Rd7 29. Nf3 Rc8 30. Rxc8+ Nxc8 31. a4 Ne7 32. a5 Bxa5 33. Rb8+
Rd8 34. Rb7 Nc6 35. Ng5 Rf8 36. Ne4 Bb6 37. g4 Kg7 38. g5 Nd4 39. Nf6 Nb5 40.
Rd7 Rd8 41. Re7 Kf8 42. Rb7 Nd6 43. Nxh7+ Kg7 {White resigns} 0-1

[Event "Team 45 45 League T41"]
[Site "Internet Chess Club"]
[Date "2009.05.04"]
[Round "1"]
[White "Beancounter"]
[Black "IceBox"]
[Result "1/2-1/2"]
[WhiteElo "1680"]
[BlackElo "1737"]
[Opening "English: Mikenas-Carls, Flohr variation"]
[ECO "A18"]
[Time "14:00:56"]
[TimeControl "2700+45"]

1. c4 Nf6 2. Nc3 e6 3. e4 d5 4. e5 Nfd7 5. d4 dxc4 6. Bxc4 Nb6 7. Bd3 c6 8. Nf3
Be7 9. O-O N8d7 10. Bc2 Nd5 11. Ne4 Qc7 12. a3 h6 13. Re1 b6 14. Bd2 Bb7 15. b4
Rc8 16. Qe2 O-O 17. Qd3 f5 18. exf6 N7xf6 19. Ng3 Qd7 20. Bxh6 gxh6 21. Qg6+ Kh8
22. Qxh6+ Kg8 23. Qg6+ Kh8 {Game drawn by mutual agreement} 1/2-1/2